 Dungeon Crawl Stone Soup version 0.32-a0-918-g0f22ef8d61 (webtiles) character file.

Game seed: 9724747857784556052

2 Fodor the Shield-Bearer (level 1, -3/20 HPs)
             Began as a Minotaur Fighter on Apr 11, 2024.
             Slain by a gnoll
             ... wielding a +0 flail
              (7 damage)
             ... on level 1 of the Dungeon.
             The game lasted 00:00:13 (50 turns).

Fodor the Shield-Bearer (Minotaur Fighter)            Turns: 50, Time: 00:00:14

Health: -3/20      AC:  7    Str: 20    XL:     1   Next: 33%
Magic:  0/0        EV:  8    Int:  5    God:
Gold:   0          SH:  4    Dex:  9    Spells: 0/0 levels left

rFire   . . .        a - +0 war axe
rCold   . . .        c - +0 buckler
rNeg    . . .        b - +0 scale mail
rPois   .            (helmet restricted)
rElec   .            (no cloak)
rCorr   .            (no gloves)
SInv    .            (no boots)
Will    .....        (no amulet) Stlth
                     (no ring)
HPRegen 0.23/turn    (no ring)
MPRegen 0.07/turn

%: no passive effects
@: no status effects
A: horns 2, retaliatory headbutt
a: no special abilities


You were on level 1 of the Dungeon.
You visited 1 branch of the dungeon, and saw 1 of its levels.

Inventory:

Hand Weapons
 a - a +0 war axe (weapon)
Armour
 b - a +0 scale mail (worn)
 c - a +0 buckler (worn)
Potions
 d - a potion of might
 e - a potion of magic {unknown}


   Skills:
 + Level 3.7 Fighting
 + Level 2.4 Axes
 + Level 3.7 Armour
 + Level 3.7 Shields


You couldn't memorise any spells.
You didn't know any spells.
Your spell library was empty.

Dungeon Overview and Level Annotations

Branches:
Dungeon (1/15)

Altars:


Innate Abilities, Weirdness & Mutations

You have a pair of horns on your head.
You reflexively headbutt those who attack you in melee.


Message History

e - a cyan potion HP restored.
A ball python comes into view.
The ball python hisses angrily.
A gnoll comes into view. It is wielding a +0 flail.
An endoplasm comes into view.
Found 2 dark potions and a scroll labelled WORESTRA QYABB.
The endoplasm quivers.
The gnoll shouts!
The endoplasm moves out of view.
A kobold and a ball python come into view.
Found 14 gold pieces.
The kobold shouts!
The ball python hisses angrily.
The ball python bites you but does no damage.
The ball python closely misses you.
An endoplasm comes into view.
The endoplasm quivers.
You slash the ball python!
You kill the ball python!
The kobold throws a stone.
The stone hits you but does no damage.
A goblin comes into view. It is wielding a +0 dagger.
You see here a ball python corpse.
The gnoll hits you with a +0 flail!
The kobold throws a stone.
The stone closely misses you. The gnoll hits you with a +0 flail.
* * * LOW HITPOINT WARNING * * *
The ball python attacks as it pursues you!
The ball python bites you but does no damage.
The ball python completely misses you. The ball python closely misses you.
You furiously retaliate!
You headbutt the ball python.
You kill the ball python!
The gnoll attacks as it pursues you! The gnoll hits you with a +0 flail.
* * * LOW HITPOINT WARNING * * *
You slash the gnoll!
The gnoll is almost dead.
You slash the endoplasm!
You kill the endoplasm!
The gnoll hits you with a +0 flail!
You die...

.. #########§§§.# ....
..♣♣♣##.......+§§§.# $..#
...##........#§§§.###...###
###........§'.§§...##....#
#<..........#§...#.....#.##
###.........+.............#
...##........#§...J........###
..♣♣♣##.......+..g.#..†........
.. #########.@.##........... .
#...##........... .
#.##..g........!. ##
#.#........... #?#...........
#.#........... .............


You could see a gnoll and an endoplasm.

Vanquished Creatures
  An endoplasm (D:1)
  A hobgoblin (D:1)
  2 ball pythons (D:1)
4 creatures vanquished.

Notes
Turn   | Place    | Note
-------+----------+-------------------------------------------
     0 | D:1      | Fodor the Minotaur Fighter began the quest for the Orb.
     0 | D:1      | Reached XP level 1. HP: 19/19 MP: 0/0
    50 | D:1      | Slain by a gnoll

Illustrated notes

Levels and vault maps discovered:
D:1:      roadster_arrival_rocket_large, layout_rooms, minmay_rat_gold_closets

Action                     || total
---------------------------++-------
  Melee: War axe           ||     5
 Armour: Scale mail        ||     8
  Dodge: Dodged            ||     6

Table legend: (Time is in decaauts)
 A = Elapsed time spent in this place.
 B = Non-inter-level travel time spent in this place.
 C = Inter-level travel time spent in this place.
 D = Time resting spent in this place.
 E = Time spent auto-exploring this place.
 F = Levels seen in this place.
 G = Mean time per level.
                   A        B        C        D        E       F      G
               +--------+--------+--------+--------+--------+-----+--------+
         Total |     51 |     51 |      0 |      0 |     28 |   1 |   51.0 |
       Dungeon |     51 |     51 |      0 |      0 |     28 |   1 |   51.0 |
               +--------+--------+--------+--------+--------+-----+--------+

Top non-repeatable levels by time:
     D:1: 51 daAuts
